 Dungeon Crawl Stone Soup version 0.26.1-11-gd32895ea62 (webtiles) character file.

Game seed: 17902813705591118260

28 seveneves the Skirmisher (level 3, 0/40 HPs)
             Began as an Ogre Berserker on July 23, 2021.
             Was a Follower of Trog.
             Slain by a giant cockroach (2 damage)
             ... on level 2 of the Dungeon.
             The game lasted 00:03:58 (1011 turns).

seveneves the Skirmisher (Ogre Berserker)           Turns: 1011, Time: 00:03:58

Health: 0/40       AC:  3    Str: 18 (20) XL:     3   Next: 12%
Magic:  3/3        EV: 10    Int:  5 (8)  God:    Trog [*.....]
Gold:   72         SH:  0    Dex:  6 (8)  Spells: 2/2 levels left

rFire    + . .     SeeInvis .   a - +0 hand axe
rCold    + . .     Faith    .   (no shield)
rNeg     . . .     Spirit   .   b - +0 animal skin
rPois    +         Reflect  .   (helmet restricted)
rElec    +         Harm     .   (no cloak)
rCorr    +         Rampage  .   (gloves unavailable)
Will     .....                  (boots unavailable)
Stlth    +.........             (no amulet)
HPRegen  0.13/turn              d - ring of flight
MPRegen  0.08/turn              (no ring)

@: resistant
A: large, unfitting armour, horns 1, high mp 1, tough skin 1, weak 1, evolution
1
a: Renounce Religion, Evoke Flight, Berserk


You were on level 2 of the Dungeon.
You worshipped Trog.
Trog was aware of your devotion.
You visited 1 branch of the dungeon, and saw 2 of its levels.

You collected 72 gold pieces.

Inventory:

Hand Weapons
 a - a +0 hand axe (weapon)
Armour
 b - a +0 animal skin (worn)
Jewellery
 d - a ring of flight (left hand)
Scrolls
 c - a scroll of fog
 e - 3 scrolls of remove curse {unknown}
Potions
 h - a potion of resistance


   Skills:
 + Level 4.4 Fighting
 + Level 3.4 Axes
 + Level 3.1 Dodging
 + Level 0.1 Stealth


You had 2 spell levels left.
You didn't know any spells.
Your spell library was empty.

Dungeon Overview and Level Annotations

Branches:
Dungeon (2/15)

Altars:


Innate Abilities, Weirdness & Mutations

You are too large for most types of armour.
You have tough skin. (AC +1)
You have a pair of small horns on your head.
You have an increased reservoir of magic. (+10% MP)
You are weak. (Str -2)
You evolve.


Message History

You feel sick.
d - a marble ring You feel sick.
d - a ring of flight (left hand)
Found 3 scrolls labelled HICSOTHALA.
Found a stone staircase leading down.
You feel sick.
Found a stone staircase leading up.
Found a stone staircase leading down.
You feel sick.
e - 3 scrolls labelled HICSOTHALA You feel sick.
You feel sick.
A giant cockroach comes into view.
You feel sick.
You are no longer poisoned.
You are too injured to fight recklessly!
You are too injured to fight recklessly!
You are too injured to fight recklessly!
The giant cockroach bites you.
You die...

#.#.#.# ####...#.####
#...........##
......<......##
..............#
..)...........###
................##
..............#..##
.........<.....#@.#
...............##B#
.............#......
..†.........#####....#
..)...#>##### #...#
.....##.# ...# ....##
.>#### ...#
.....###....# ....
..........#..


You could see a giant cockroach.

Vanquished Creatures
  An adder (D:2)
  A dart slug (D:1)
  3 giant cockroaches (D:1)
  A goblin (D:1)
  5 hobgoblins
  2 kobolds (D:1)
  A frilled lizard (D:2)
  A rat (D:1)
15 creatures vanquished.

Notes
Turn   | Place    | Note
-------+----------+-------------------------------------------
     0 | D:1      | seveneves the Ogre Berserker began the quest for the Orb.
     0 | D:1      | Reached XP level 1. HP: 24/24 MP: 1/1
   106 | D:1      | Reached XP level 2. HP: 31/33 MP: 2/2
   951 | D:2      | Gained mutation: You have an increased reservoir of magic.
                  | (+10% MP) [potion of mutation]
   951 | D:2      | Gained mutation: You evolve. [potion of mutation]
   951 | D:2      | Gained mutation: You are weak. (Str -2) [potion of
                  | mutation]
   951 | D:2      | Gained mutation: You have a pair of small horns on your
                  | head. [potion of mutation]
   986 | D:2      | Reached XP level 3. HP: 7/40 MP: 3/3
  1010 | D:2      | HP: 2/40 [poisoned by an adder]
  1011 | D:2      | Slain by a giant cockroach

Illustrated notes

Levels and vault maps discovered:
D:1:      dpeg_arrival_tiny_k, layout_basic
D:2:      minmay_chambers_of_twos, layout_rooms,
          nicolae_ru_great_annihilating_truth

Skill      XL: |  1  2 |
---------------+-------+-----
Dodging        | 3 |  3.1
Fighting       | |  4.4
Axes           | |  3.4
Stealth        | |  0.1

Action                   || total
-------------------------++-------
Melee: Hand axe          ||    52
       Headbutt          ||     1
Invok: Berserk           ||     1
  Use: Potion            ||     7
       Scroll            ||     1
Armor: Animal skin       ||     8
Dodge: Dodged            ||    32
